 Dungeon Crawl Stone Soup version 0.17.0-7-gfadd4cc (webtiles) character file.

96 st0uf the Ruffian (level 4, 0/35 HPs)
             Began as a Draconian Transmuter on Nov 8, 2015.
             Slain by a gnoll
             ... wielding a +0 spear
              (4 damage)
             ... on level 3 of the Dungeon.
             The game lasted 00:10:14 (2431 turns).

st0uf the Ruffian (Draconian Transmuter)            Turns: 2431, Time: 00:10:15

Health: 0/35       AC:  5    Str: 13    XL:     4   Next: 41%
Magic:  8/8        EV: 12    Int: 13    God:
Gold:   111        SH:  0    Dex: 12    Spells: 1 memorised, 7 levels left

rFire  . . .     SeeInvis .       - Unarmed
rCold  . . .     Clarity  .     (armour unavailable)
rNeg   . . .     SustAt   .     (no shield)
rPois  .         Gourm    .     (helmet restricted)
rElec  .         Spirit   .     (no cloak)
rCorr  .         Warding  .     (no gloves)
rMut   .         Stasis   .     (boots currently unavailable)
MR     .....                    (no amulet)
Stlth  ..........               k - ring of loudness (curse)
                                f - ring of wizardry

@: appendage (expiring), not resistant to hostile enchantments, extremely
unstealthy
A: unfitting armour, talons 3, cold-blooded, AC +5
a: End Transformation


You were on level 3 of the Dungeon.
You were hungry.
You had grown temporary talons.
You visited 1 branch of the dungeon, and saw 3 of its levels.

You collected 111 gold pieces.

Inventory:

Missiles
 a - 46 arrows
 e - 16 poisoned needles
Jewellery
 f - a ring of wizardry (left hand)
 g - a +2 ring of strength
 k - a cursed ring of loudness (right hand)
 n - an uncursed amulet of stasis
Wands
 j - a wand of random effects (29)
Scrolls
 l - a scroll of identify
Potions
 d - a potion of haste
 h - a potion of brilliance {unknown}
 i - a potion of heal wounds {unknown}
 m - 2 potions of curing {unknown}
 p - a potion of agility {unknown}
Books
 b - a book of Changes

   Spells                             Type                      Level
   a - Beastly Appendage              Transmutation                1
   b - Sticks to Snakes               Transmutation                2
   c - Spider Form                    Transmutation/Poison         3
   d - Ice Form                       Ice/Transmutation            4
   e - Blade Hands                    Transmutation                5
Comestibles
 c - a bread ration
 o - 5 chunks of flesh


   Skills:
 + Level 1.2 Fighting
 + Level 2.4 Dodging
 - Level 1.0 Stealth
 + Level 3.9 Unarmed Combat
 + Level 2.6 Spellcasting
 + Level 2.4 Transmutations


You had 7 spell levels left.
You knew the following spells:

 Your Spells              Type           Power        Failure   Level  Hunger
a - Beastly Appendage     Trmt           #.....       4%          1    #......


Dungeon Overview and Level Annotations

Branches:
Dungeon (3/15)

Altars:


Innate Abilities, Weirdness & Mutations

Your plain brown scales are hard (AC +5).
Your body does not fit into most forms of armour.
You are cold-blooded and may be slowed by cold attacks.
You have claws for feet.


Message History

You hit the gnoll but do no damage.
The gnoll is almost dead.
Your transformation is almost over.
The gnoll hits you with a whip.
* * * LOW HITPOINT WARNING * * *
You hit the gnoll but do no damage.
The gnoll is almost dead.
You barely miss the gnoll.
The gnoll is almost dead.
The gnoll hits you with a whip.
* * * LOW HITPOINT WARNING * * *
Drink which item? (? for menu, Esc to quit)
This potion cannot work under stasis.
The gnoll barely misses you.
Drink which item? (? for menu, Esc to quit)
This potion cannot work under stasis.
Remove which piece of jewellery? (? for menu, Esc to quit)
You remove your amulet of stasis.
The gnoll hits you from afar with a spear.
You die...

######## ......######
##.........##
?.>........#### #
#.##...........
...#.#####.##..##.......
#......g@...........#
....##.#..##.##....###[.
. #g#g.##.##......... #
#o#..##.###...###.
#..##)#..##.# #...###..
#...........# #........
#####....#### #..[###..
.......# ###...# #..
#.###...####.....# #..


You could see 3 gnolls and an orc.

Vanquished Creatures
  Ijyb (D:2)
  A gnoll (D:3)
  An adder (D:2)
  2 oozes (D:1)
  2 worms
  2 giant geckos
  4 ball pythons
  2 giant cockroaches
  3 hobgoblins
  4 kobolds
  5 bats
  A giant newt (D:1)
  7 goblins
  5 rats
40 creatures vanquished.

Notes
Turn   | Place    | Note
--------------------------------------------------------------
     0 | D:1      | st0uf the Draconian Transmuter began the quest for the Orb.
     0 | D:1      | Reached XP level 1. HP: 16/16 MP: 3/3
   227 | D:1      | Reached XP level 2. HP: 21/23 MP: 3/5
  1305 | D:2      | Reached XP level 3. HP: 26/28 MP: 4/6
  1876 | D:2      | Noticed Ijyb
  1923 | D:2      | Killed Ijyb
  1923 | D:2      | Reached XP level 4. HP: 15/35 MP: 5/7
  2271 | D:3      | Reached skill level 1 in Stealth
  2431 | D:3      | Slain by a gnoll

Action                   |  1- 3 |  4- 6 || total
-------------------------+-------+-------++-------
Melee: Unarmed           |   137 |    50 ||   187
 Cast: Beastly Appendage |    23 |     9 ||    32
  Use: Scroll            |     4 |       ||     4
  Eat: Chunk             |     3 |     2 ||     5
